TOP OF THE 1ST |
Bismarck Barons batting - Pitching for San Diego Smashers : RHP Jesús De Los Santos
|
Pitching: RHP Jesús De Los Santos
|
|
Batting: LHB John Frost
|
0-0: Ball 1-0: Ground out 5-3 (Groundball, 5S)
|
Batting: LHB Jesús Bueno
|
0-0: Ball 1-0: SINGLE (Line Drive, 9S)
|
Batting: RHB Seiji Kouno
|
0-0: Called Strike 0-1: Ball 1-1: Called Strike 1-2: Ball 2-2: Strikes out looking
|
Batting: RHB Michael Thomas
|
0-0: Foul Ball, location: 2F 0-1: Ball 1-1: Foul Ball, location: 2F 1-2: Foul Ball, location: 2F 1-2: Ball 2-2: Strikes out swinging
|
Top of the 1st over - 0 run(s), 1 hit(s), 0 error(s), 1 left on base; Bismarck 0 - San Diego 0 |
BOTTOM OF THE 1ST |
San Diego Smashers batting - Pitching for Bismarck Barons : RHP Sébastien Benoit
|
Pitching: RHP Sébastien Benoit
|
|
Batting: RHB Gustavo Torres
|
0-0: Ball 1-0: Foul Ball, location: 2F 1-1: Called Strike 1-2: Strikes out swinging
|
Batting: RHB Gilberto Guzmán
|
0-0: Ball 1-0: Foul Ball, location: 2F 1-1: Ball 2-1: Ground out 5-3 (Groundball, 56S)
|
Batting: LHB Ken Phillips
|
0-0: Swinging Strike 0-1: Ball 1-1: Ball 2-1: Ball 3-1: Base on Balls
|
Batting: RHB Marty Hendrickson
|
0-0: Swinging Strike 0-1: Called Strike 0-2: Ball Wild Pitch! Ken Phillips to second 1-2: Ball 2-2: SINGLE (Line Drive, 89M) Ken Phillips to third Runner from 3rd tries for Home, SAFE, no throw
|
Batting: LHB Ramiro Martínez
|
0-0: Ball 1-0: Ball 2-0: Called Strike 2-1: Ball 3-1: SINGLE (Groundball, 56D) Marty Hendrickson to second
|
Batting: SHB Michael Aisher
|
0-0: Called Strike 0-1: Called Strike 0-2: Ball 1-2: Foul Ball, location: 2F 1-2: Fly out, F7 (Flyball, 78M)
|
Bottom of the 1st over - 1 run(s), 2 hit(s), 0 error(s), 2 left on base; Bismarck 0 - San Diego 1 |
TOP OF THE 2ND |
Bismarck Barons batting - Pitching for San Diego Smashers : RHP Jesús De Los Santos
|
Batting: RHB Roberto García
|
0-0: Foul Ball, location: 2F 0-1: Ball 1-1: Foul Ball, location: 2F 1-2: Ball 2-2: Ground out 5-3 (Groundball, 5)
|
Batting: SHB Jeff Chambers
|
0-0: Ball 1-0: Ball 2-0: Swinging Strike 2-1: Ball 3-1: Base on Balls
|
Batting: RHB Esteban Lara
|
0-0: Ball 1-0: Called Strike 1-1: Grounds into double play, 5-4-3 (Groundball, 56)
|
Top of the 2nd over - 0 run(s), 0 hit(s), 0 error(s), 0 left on base; Bismarck 0 - San Diego 1 |
BOTTOM OF THE 2ND |
San Diego Smashers batting - Pitching for Bismarck Barons : RHP Sébastien Benoit
|
Batting: RHB Nate Atkinson
|
0-0: Ball 1-0: Ball 2-0: Called Strike 2-1: Called Strike 2-2: Strikes out looking
|
Batting: LHB Jaime Icaza
|
0-0: Called Strike 0-1: Ball 1-1: Foul Ball, location: 2F 1-2: Foul Ball, location: 2F 1-2: Foul Ball, location: 2F 1-2: Foul Ball, location: 2F 1-2: Ball 2-2: Ball 3-2: Foul Ball, location: 2F 3-2: Foul Ball, location: 2F 3-2: Fly out, F4 (Popup, 3D)
|
Batting: RHB Larry Turner
|
0-0: Ball 1-0: Ground out 4-3 (Groundball, 4)
|
Bottom of the 2nd over - 0 run(s), 0 hit(s), 0 error(s), 0 left on base; Bismarck 0 - San Diego 1 |
TOP OF THE 3RD |
Bismarck Barons batting - Pitching for San Diego Smashers : RHP Jesús De Los Santos
|
Batting: RHB Pancho Torres
|
0-0: Ball 1-0: Ground out 4-3 (Groundball, 4)
|
Batting: RHB Jon Krohne
|
0-0: Ball 1-0: Called Strike 1-1: Ball 2-1: Ball 3-1: Called Strike 3-2: Foul Ball, location: 2F 3-2: Foul Ball, location: 2F 3-2: Foul Ball, location: 2F 3-2: Foul Ball, location: 2F 3-2: Base on Balls
|
Batting: LHB John Frost
|
0-0: Ball 1-0: Foul Ball, location: 2F 1-1: Ball 2-1: Grounds into double play, 4-6-3 (Groundball, 4)
|
Top of the 3rd over - 0 run(s), 0 hit(s), 0 error(s), 0 left on base; Bismarck 0 - San Diego 1 |
BOTTOM OF THE 3RD |
San Diego Smashers batting - Pitching for Bismarck Barons : RHP Sébastien Benoit
|
Batting: RHB Gustavo Torres
|
0-0: Ground out 4-3 (Groundball, 4)
|
Batting: RHB Gilberto Guzmán
|
0-0: Foul Ball, location: 2F 0-1: Foul Ball, location: 2F 0-2: Strikes out swinging
|
Batting: LHB Ken Phillips
|
0-0: Foul Ball, location: 2F 0-1: SOLO HOME RUN (Flyball, 89XD), Distance : 415 ft
|
Batting: RHB Marty Hendrickson
|
0-0: Foul Ball, location: 2F 0-1: Ball 1-1: Foul Ball, location: 2F 1-2: Strikes out swinging
|
Bottom of the 3rd over - 1 run(s), 1 hit(s), 0 error(s), 0 left on base; Bismarck 0 - San Diego 2 |
TOP OF THE 4TH |
Bismarck Barons batting - Pitching for San Diego Smashers : RHP Jesús De Los Santos
|
Batting: LHB Jesús Bueno
|
0-0: Called Strike 0-1: Ball 1-1: Ball 2-1: Ball 3-1: Ground out 4-3 (Groundball, 34)
|
Batting: RHB Seiji Kouno
|
0-0: Ball 1-0: Ball 2-0: Foul Ball, location: 2F 2-1: Foul Ball, location: 2F 2-2: Strikes out swinging
|
Batting: RHB Michael Thomas
|
0-0: Ball 1-0: Called Strike 1-1: Foul Ball, location: 2F 1-2: Foul Ball, location: 2F 1-2: Strikes out swinging
|
Top of the 4th over - 0 run(s), 0 hit(s), 0 error(s), 0 left on base; Bismarck 0 - San Diego 2 |
BOTTOM OF THE 4TH |
San Diego Smashers batting - Pitching for Bismarck Barons : RHP Sébastien Benoit
|
Batting: LHB Ramiro Martínez
|
0-0: Ball 1-0: Ball 2-0: Ball 3-0: Called Strike 3-1: SINGLE (Line Drive, 89S)
|
Batting: SHB Michael Aisher
|
0-0: Ball 1-0: Ball 2-0: Called Strike 2-1: Ball 3-1: Foul Ball, location: 2F 3-2: Base on Balls Ramiro Martínez to second
|
Batting: RHB Nate Atkinson
|
0-0: Called Strike 0-1: Foul Ball, location: 2F 0-2: Grounds into double play, 6-4-3 (Groundball, 6) Ramiro Martínez to third
|
Batting: LHB Jaime Icaza
|
0-0: Foul Ball, location: 2F 0-1: Swinging Strike 0-2: Ball 1-2: Hit by Pitch
|
Batting: RHB Larry Turner
|
0-0: Called Strike Throwing error on steal attempt, E2 Ramiro Martínez scores Jaime Icaza to third 0-1: Ball 1-1: Ground out 4-3 (Groundball, 4)
|
Bottom of the 4th over - 1 run(s), 1 hit(s), 1 error(s), 1 left on base; Bismarck 0 - San Diego 3 |
TOP OF THE 5TH |
Bismarck Barons batting - Pitching for San Diego Smashers : RHP Jesús De Los Santos
|
Batting: RHB Roberto García
|
0-0: Ball 1-0: Foul Ball, location: 2F 1-1: Swinging Strike 1-2: Fly out, F8 (Flyball, 78M)
|
Batting: SHB Jeff Chambers
|
0-0: Called Strike 0-1: Ball 1-1: Ball 2-1: Foul Ball, location: 2F 2-2: Foul Ball, location: 2F 2-2: Ball 3-2: Base on Balls
|
Batting: RHB Esteban Lara
|
0-0: Ball Jeff Chambers is caught stealing 2nd base 1-0: Ball 2-0: Ball 3-0: Base on Balls
|
Batting: RHB Pancho Torres
|
0-0: Ball 1-0: Foul Ball, location: 2F 1-1: Ball 2-1: Foul Ball, location: 2F 2-2: Foul Ball, location: 2F 2-2: Foul Ball, location: 2F 2-2: SINGLE (Groundball, 4M) (infield hit) Esteban Lara to second
|
Batting: RHB Jon Krohne
|
0-0: Ball 1-0: Ball 2-0: Foul Ball, location: 2F 2-1: Ball 3-1: Ground out 1-3 (Groundball, 13S)
|
Top of the 5th over - 0 run(s), 1 hit(s), 0 error(s), 2 left on base; Bismarck 0 - San Diego 3 |
BOTTOM OF THE 5TH |
San Diego Smashers batting - Pitching for Bismarck Barons : RHP Sébastien Benoit
|
Batting: RHB Gustavo Torres
|
0-0: Ball 1-0: Foul Ball, location: 2F 1-1: Ground out 4-3 (Groundball, 4M)
|
Batting: RHB Gilberto Guzmán
|
0-0: Foul Ball, location: 2F 0-1: Swinging Strike 0-2: Strikes out looking
|
Batting: LHB Ken Phillips
|
0-0: SINGLE (Groundball, 4MD)
|
Batting: RHB Marty Hendrickson
|
0-0: Called Strike 0-1: Called Strike 0-2: Fielders Choice at 2nd, 6-4 (Groundball, 6)
|
Bottom of the 5th over - 0 run(s), 1 hit(s), 0 error(s), 0 left on base; Bismarck 0 - San Diego 3 |
TOP OF THE 6TH |
Bismarck Barons batting - Pitching for San Diego Smashers : RHP Jesús De Los Santos
|
Batting: LHB John Frost
|
0-0: Ball 1-0: Foul Ball, location: 2F 1-1: Swinging Strike 1-2: Foul Ball, location: 2F 1-2: Foul Ball, location: 2F 1-2: Ball 2-2: Foul Ball, location: 2F 2-2: Strikes out swinging
|
Batting: LHB Jesús Bueno
|
0-0: Ball 1-0: Called Strike 1-1: Foul Ball, location: 2F 1-2: Strikes out swinging
|
Batting: RHB Seiji Kouno
|
0-0: Ground out 6-3 (Groundball, 6)
|
Top of the 6th over - 0 run(s), 0 hit(s), 0 error(s), 0 left on base; Bismarck 0 - San Diego 3 |
BOTTOM OF THE 6TH |
San Diego Smashers batting - Pitching for Bismarck Barons : RHP Sébastien Benoit
|
Pitching: LHP Christiano Gomes
|
|
Batting: LHB Ramiro Martínez
|
0-0: Foul Ball, location: 2F 0-1: Foul Ball, location: 2F 0-2: Fly out, F6 (Line Drive, 6M)
|
Batting: SHB Michael Aisher
|
0-0: Swinging Strike 0-1: Ball 1-1: Ball 2-1: Fly out, F5 (Line Drive, 56)
|
Batting: RHB Nate Atkinson
|
0-0: Ball 1-0: Ball 2-0: Ball 3-0: Called Strike 3-1: Base on Balls
|
Batting: LHB Jaime Icaza
|
0-0: Ball 1-0: Called Strike 1-1: Swinging Strike 1-2: Strikes out swinging
|
Bottom of the 6th over - 0 run(s), 0 hit(s), 0 error(s), 1 left on base; Bismarck 0 - San Diego 3 |
TOP OF THE 7TH |
Bismarck Barons batting - Pitching for San Diego Smashers : RHP Jesús De Los Santos
|
Pitching: RHP Joe Shoemaker
|
|
Batting: RHB Michael Thomas
|
0-0: Called Strike 0-1: Ball 1-1: Ball 2-1: SINGLE (Groundball, 6MD)
|
Batting: RHB Roberto García
|
0-0: Ball 1-0: Foul Ball, location: 2F 1-1: Ball 2-1: Ball 3-1: Base on Balls Michael Thomas to second
|
Batting: SHB Jeff Chambers
|
0-0: Ball 1-0: SINGLE (Groundball, 4) (infield hit) Michael Thomas to third Roberto García to second
|
Pinch Hitting: SHB Álex Hernández
|
0-0: Foul Ball, location: 2F 0-1: Foul Ball, location: 2F 0-2: Ball 1-2: Grounds into fielders choice 4-2 (Groundball, 34) Roberto García to third Jeff Chambers to second
|
Pinch Hitting: LHB Jorge Fernández
|
0-0: Ball 1-0: Foul Ball, location: 2F 1-1: Foul Ball, location: 2F 1-2: Foul Ball, location: 2F 1-2: Ball 2-2: Grounds into double play, 4-2-3 (Groundball, 4)
|
Top of the 7th over - 0 run(s), 2 hit(s), 0 error(s), 2 left on base; Bismarck 0 - San Diego 3 |
BOTTOM OF THE 7TH |
San Diego Smashers batting - Pitching for Bismarck Barons : LHP Christiano Gomes
|
Now at 2B: Álex Hernández
|
|
Now in LF: Jorge Fernández
|
|
Batting: RHB Larry Turner
|
0-0: Ball 1-0: Ball 2-0: Ball 3-0: Called Strike 3-1: Base on Balls
|
Batting: RHB Gustavo Torres
|
0-0: Called Strike 0-1: Foul Ball, location: 2F 0-2: Ball 1-2: Foul Ball, location: 2F 1-2: Ball 2-2: Foul Ball, location: 2F 2-2: Ball 3-2: Foul Ball, location: 2F 3-2: Fielders Choice at 2nd, 4-6 (Groundball, 34)
|
Batting: RHB Gilberto Guzmán
|
0-0: Ball 1-0: SINGLE (Groundball, 34) (infield hit) Gustavo Torres to second
|
Batting: LHB Ken Phillips
|
0-0: Ball 1-0: Foul Ball, location: 2F 1-1: Fly out, F7 (Flyball, 78S)
|
Batting: RHB Marty Hendrickson
|
0-0: Ball 1-0: Swinging Strike 1-1: Called Strike 1-2: Ball 2-2: Foul Ball, location: 2F 2-2: Ball 3-2: Foul Ball, location: 2F 3-2: Base on Balls Gustavo Torres to third Gilberto Guzmán to second
|
Pinch Hitting: RHB Fred Ameris
|
0-0: SINGLE (Flyball, 8LS) Gustavo Torres scores Gilberto Guzmán to third Marty Hendrickson to second Runner from 3rd tries for Home, SAFE, no throw
|
Batting: SHB Michael Aisher
|
0-0: Ball 1-0: Ground out U3 (Groundball, 34)
|
Bottom of the 7th over - 2 run(s), 2 hit(s), 0 error(s), 2 left on base; Bismarck 0 - San Diego 5 |
TOP OF THE 8TH |
Bismarck Barons batting - Pitching for San Diego Smashers : RHP Joe Shoemaker
|
Now in CF: Ricardo Guzmán
|
|
Batting: RHB Jon Krohne
|
0-0: Swinging Strike 0-1: Ball 1-1: Called Strike 1-2: Foul Ball, location: 2F 1-2: SINGLE (Groundball, 56D)
|
Batting: LHB John Frost
|
0-0: Called Strike 0-1: Called Strike 0-2: Foul Ball, location: 2F 0-2: Strikes out swinging
|
Batting: LHB Jesús Bueno
|
0-0: Ball 1-0: Ball 2-0: Swinging Strike 2-1: Called Strike 2-2: Ball 3-2: Strikes out swinging Jon Krohne steals 2nd base Batter strikes out.
|
Batting: RHB Seiji Kouno
|
0-0: Ball 1-0: Ball 2-0: Foul Ball, location: 2F 2-1: Ground out 6-3 (Groundball, 6)
|
Top of the 8th over - 0 run(s), 1 hit(s), 0 error(s), 1 left on base; Bismarck 0 - San Diego 5 |
BOTTOM OF THE 8TH |
San Diego Smashers batting - Pitching for Bismarck Barons : LHP Christiano Gomes
|
Batting: RHB Nate Atkinson
|
0-0: Ball 1-0: DOUBLE (Line Drive, 9LM)
|
Batting: LHB Jaime Icaza
|
0-0: Foul Ball, location: 2F 0-1: Ball 1-1: Called Strike 1-2: Foul Ball, location: 2F 1-2: Ball 2-2: Fly out, F6 (Line Drive, 6)
|
Batting: RHB Larry Turner
|
0-0: Swinging Strike 0-1: Swinging Strike 0-2: Strikes out looking
|
Pitching: RHP Felix Carrado
|
|
Batting: RHB Gustavo Torres
|
0-0: Foul Ball, location: 2F 0-1: Swinging Strike 0-2: Ball 1-2: Strikes out swinging
|
Bottom of the 8th over - 0 run(s), 1 hit(s), 0 error(s), 1 left on base; Bismarck 0 - San Diego 5 |
TOP OF THE 9TH |
Bismarck Barons batting - Pitching for San Diego Smashers : RHP Joe Shoemaker
|
Now at SS: Walt Rodgers
|
|
Batting: RHB Michael Thomas
|
0-0: Called Strike 0-1: Ball 1-1: Ball 2-1: Swinging Strike 2-2: Strikes out looking
|
Batting: RHB Roberto García
|
0-0: SINGLE (Line Drive, 5D)
|
Batting: SHB Jeff Chambers
|
0-0: Called Strike 0-1: Ball 1-1: Swinging Strike 1-2: Strikes out swinging
|
Batting: SHB Álex Hernández
|
0-0: Ball 1-0: Foul Ball, location: 2F 1-1: Ground out 1-3 (Groundball, 13S)
|
Top of the 9th over - 0 run(s), 1 hit(s), 0 error(s), 1 left on base; Bismarck 0 - San Diego 5 |
|